 Dungeon Crawl Stone Soup version 0.31-a0-691-g409c26aa35 (webtiles) character file.

Game seed: 16284839726280589555

3126 pokeman the Thaumaturge (level 9, -10/51 HPs)
             Began as a Deep Elf Hedge Wizard on Sept 6, 2023.
             Mangled by an orc knight
             ... wielding a +0 broad axe
              (14 damage)
             ... in a bailey.
             The game lasted 00:17:50 (7125 turns).

pokeman the Thaumaturge (Deep Elf Hedge Wizard)     Turns: 7125, Time: 00:17:50

Health: -10/51     AC:  6    Str:  7    XL:     9   Next: 61%
Magic:  11/27      EV: 13    Int: 24    God:
Gold:   462        SH:  0    Dex: 14    Spells: 20/32 levels left

rFire   . . .        z - +0 dagger (venom)
rCold   . . .        (no shield)
rNeg    . . .        b - +0 robe
rPois   .            o - +0 helmet
rElec   .            t - +0 cloak
rCorr   .            n - +0 pair of gloves
SInv    .            v - +0 pair of boots
Will    .....        (no amulet)
Stlth   ++           (no ring)
HPRegen 0.28/turn    (no ring)
MPRegen 0.20/turn

%: no passive effects
@: brilliant
A: no striking features
a: no special abilities


You were in a bailey.
You visited 2 branches of the dungeon, and saw 8 of its levels.
You also visited: Bailey.

You collected 462 gold pieces.

Inventory:

Hand Weapons
 s - a +2 quarterstaff of chaos
 z - a +0 dagger of venom (weapon)
Missiles
 C - 6 curare-tipped darts
Armour
 b - a +0 robe (worn)
 n - a +0 pair of gloves (worn)
 o - a +0 helmet (worn)
 t - a +0 cloak (worn)
 v - a +0 pair of boots (worn)
Wands
 w - a wand of flame (14)
Scrolls
 a - a scroll of revelation {unknown}
 c - a scroll of brand weapon {unknown}
 e - a scroll of vulnerability {unknown}
 f - 2 scrolls of immolation {unknown}
 g - 14 scrolls of identify {unknown}
 h - a scroll of silence {unknown}
 i - 5 scrolls of teleportation {unknown}
 j - a scroll of blinking {unknown}
 l - a scroll of enchant armour {unknown}
 m - 2 scrolls of poison {unknown}
 q - a scroll of acquirement {unknown}
 y - a scroll of torment {unknown}
 A - a scroll of fog {unknown}
 B - a scroll of summoning {unknown}
Potions
 d - a potion of magic
 k - a potion of brilliance
 p - 2 potions of enlightenment {unknown}
 r - 2 potions of curing {unknown}
 u - a potion of attraction {unknown}
 x - a potion of haste {unknown}


   Skills:
 + Level 3.3 Fighting
 - Level 3.0 Armour
 - Level 3.0 Dodging
 - Level 3.0 Stealth
 * Level 12.0 Spellcasting
 + Level 6.6 Conjurations
 + Level 5.7 Summonings
 - Level 1.1 Translocations
 - Level 1.0 Air Magic
 - Level 1.0 Poison Magic
 - Level 1.3 Evocations


You had 20 spell levels left.
You knew the following spells:

 Your Spells              Type           Power      Damage    Failure   Level
a - Magic Dart            Conj           100%       1d8       1%          1
b - Mephitic Cloud        Conj/Pois/Air  42%        N/A       3%          3
c - Call Imp              Summ           100%       N/A       1%          2
d - Blink                 Tloc           58%        N/A       4%          2
e - Summon Ice Beast      Ice/Summ       42%        N/A       13%         4

Your spell library contained the following spells:

 Spells                   Type           Power      Damage    Failure   Level
 Momentum Strike          Conj/Tloc      98%        3d10      1%          2
 Slow                     Hex            84%        N/A       4%          1
 Cigotuvi's Dreadful Rot  Necr/Pois/Air  52%        N/A       4%          2
 Lesser Beckoning         Tloc           58%        N/A       4%          2
 Summon Mana Viper        Hex/Summ       42%        N/A       36%         5
 Monstrous Menagerie      Summ           29%        N/A       98%         7


Dungeon Overview and Level Annotations

Branches:
Dungeon (7/15)             Temple (1/1) D:5          Bailey (1/1)

Altars:
Cheibriados
Dithmenos
Elyvilon
Gozag
Hepliaklqana
Makhleb
Nemelex Xobeh
Okawaru
Qazlal
Ru
Sif Muna
Uskayaw
Wu Jian
Xom
Yredelemnul
Zin
The Shining One


Message History

The orc knight closely misses you.
You hit the orc knight but do no damage.
The orc knight looks as sick as possible!
The orc knight is severely wounded.
The orc knight seems less confused.
The orc knight hits you with a +0 broad axe!!
* * * LOW HITPOINT WARNING * * *
Unknown command.
Casting: Summon Ice Beast (quite dangerous; 13% risk of failure)
Confirm with . or Enter, or press ? or * to list all spells.
You blink.
The orc knight throws an atropa-tipped dart.
The atropa-tipped dart hits you!
You are confused.
Unknown command.
You're too confused to cast spells.
Unknown command.
The orc knight throws an atropa-tipped dart.
The atropa-tipped dart hits you!
You are more confused.
You bump into the stone wall.
The orc knight throws an atropa-tipped dart.
The atropa-tipped dart completely misses you.
You bump into the stone wall.
You feel stable enough to blink again.
You're too confused to cast spells.
You bump into the stone wall.
You feel less confused.
The orc knight throws an atropa-tipped dart.
The atropa-tipped dart hits you!
You are confused.
Unknown command.
You are too confused!
It was a potion of brilliance.
You feel clever all of a sudden.
You miss the orc knight.
The orc knight is almost dead.
You feel less confused.
The orc knight hits you with a +0 broad axe!
You die...

#....~~.......~~....#
#.###~~.......~~###.#
#....~~.......~~....#
#####~~...)...~~#####
##~.....).~##
####)''#### ##.))..##
#∩[.).)∩# #...8.o@#
##..(..## ###'###
#...# .......
......... ...........
...........


oK........... You could see an orc knight (very poisoned).

Vanquished Creatures
  An orc knight (Bailey)
  Eustachio (D:6)
  5 orc warriors (Bailey)
  A black bear (D:7)
  An ice beast (D:6)
  2 centaurs
  6 kobold brigands
  3 bullfrogs
  2 scorpions
  3 wights (D:6)
  An electric eel (D:3)
  A howler monkey (D:5)
  3 hounds (D:5)
  2 orc priests
  Crazy Yiuf (D:2)
  6 iguanas
  A sleepcap (D:5)
  Terence (D:2)
  6 orc wizards
  Robin (D:2)
  5 adders
  A shadow imp (D:5)
  An ufetubus (D:5)
  3 dart slugs
  22 orcs
  6 ball pythons
  2 endoplasms
  3 giant cockroaches
  20 goblins
  4 hobgoblins
  2 jackals (D:4)
  20 kobolds
  4 quokkas
  4 bats
  3 frilled lizards
  12 rats
  A spectral kobold (D:4)
161 creatures vanquished.

Vanquished Creatures (collateral kills)
  A wight (D:6)
  A sleepcap (D:5)
  A rat (D:3)
3 creatures vanquished.

Vanquished Creatures (others)
  2 electric eels (D:3)
2 creatures vanquished.

Grand Total: 166 creatures vanquished

Notes
Turn   | Place    | Note
-------+----------+-------------------------------------------
     0 | D:1      | pokeman the Deep Elf Hedge Wizard began the quest for the
                  | Orb.
     0 | D:1      | Reached XP level 1. HP: 10/10 MP: 7/7
   458 | D:1      | Reached XP level 2. HP: 16/16 MP: 6/9
   757 | D:1      | You fall into a shaft and drop 1 floor!
   948 | D:1      | Found a faded altar of an unknown god.
  1232 | D:2      | Reached skill level 5 in Spellcasting
  1233 | D:2      | Reached XP level 3. HP: 19/20 MP: 1/11
  1259 | D:2      | Learned a level 3 spell: Mephitic Cloud
  1262 | D:2      | Learned a level 2 spell: Call Imp
  1265 | D:2      | Learned a level 2 spell: Blink
  1448 | D:2      | Noticed Robin
  1475 | D:2      | Killed Robin
  1750 | D:2      | Reached skill level 1 in Fighting
  1753 | D:2      | Reached skill level 1 in Armour
  1774 | D:2      | Found a snail-covered altar of Cheibriados.
  2072 | D:2      | Noticed Terence
  2216 | D:2      | Killed Terence
  2217 | D:2      | Reached XP level 4. HP: 25/25 MP: 1/13
  2388 | D:2      | Found a runed translucent door.
  2389 | D:2      | Noticed Crazy Yiuf
  2409 | D:2      | Killed Crazy Yiuf
  2506 | D:3      | Found an iron altar of Okawaru.
  2545 | D:3      | Reached skill level 6 in Spellcasting
  2748 | D:3      | Reached XP level 5. HP: 16/29 MP: 7/15
  3122 | D:3      | Found a transporter.
  3183 | D:3      | Found a transporter.
  3570 | D:3      | Reached skill level 1 in Air Magic
  3570 | D:3      | Reached skill level 1 in Poison Magic
  3811 | D:4      | Noticed a centaur
  3860 | D:4      | Reached XP level 6. HP: 28/34 MP: 11/17
  3866 | D:4      | Reached skill level 7 in Spellcasting
  3867 | D:4      | Reached skill level 1 in Evocations
  4170 | D:4      | Found a hazy altar of Hepliaklqana.
  4246 | D:4      | Found a glowing silver altar of Zin.
  4301 | D:5      | Entered Level 5 of the Dungeon
  4505 | D:5      | Reached XP level 7. HP: 20/39 MP: 8/20
  4660 | D:5      | Reached skill level 8 in Spellcasting
  5255 | D:5      | Found a staircase to the Ecumenical Temple.
  5265 | Temple   | Entered the Ecumenical Temple
  5297 | D:5      | Found a sacrificial altar of Ru.
  5634 | D:6      | Reached skill level 9 in Spellcasting
  5634 | D:6      | Reached XP level 8. HP: 44/44 MP: 17/23
  5682 | D:6      | Found a glowing golden altar of the Shining One.
  6018 | D:6      | Noticed Eustachio
  6021 | D:6      | Reached skill level 5 in Conjurations
  6034 | D:6      | Killed Eustachio
  6276 | D:6      | Reached skill level 10 in Spellcasting
  6615 | D:7      | Found a hide-covered altar of Uskayaw.
  6624 | D:7      | Learned a level 4 spell: Summon Ice Beast
  6700 | D:7      | Found a flagged portal.
  6799 | Bailey   | Entered a bailey
  6871 | Bailey   | Reached XP level 9. HP: 43/48 MP: 13/25
  7028 | Bailey   | Reached skill level 11 in Spellcasting
  7036 | Bailey   | Reached skill level 5 in Summonings
  7075 | Bailey   | Noticed an orc knight
  7081 | Bailey   | Noticed an orc knight
  7099 | Bailey   | Killed an orc knight
  7102 | Bailey   | Reached skill level 12 in Spellcasting
  7117 | Bailey   | HP: 1/51 [orc knight/+0 broad axe (18)]
  7125 | Bailey   | Mangled by an orc knight

Illustrated notes

Levels and vault maps discovered:
D:1:      dpeg_arrival_fog, layout_rooms, serial_co_window_serial,
          co_window_corner_a, co_window_paths_a, co_window_paths_b,
          co_window_corner_a, co_window_paths_a, co_window_of_opportunity_a,
          co_window_of_opportunity_a, co_window_cross_3, co_window_broadway_a,
          co_window_broadway_b, co_window_corner_ca, co_window_broadway_b,
          co_window_paths_c, co_window_corner_ca, glass_columns_b,
          glass_columns_b, glass_columns_a, glass_columns_b, glass_columns_a,
          chequers_ecumenical_altar_simple, minmay_tripent
D:2:      layout_loops_ring, basic_altar, minmay_3d_cube,
          uniq_crazy_yiuf_cottage, uniq_terence, uniq_robin
D:3:      gammafunk_steamed_eel, layout_basic, okawaru_gym_becter
D:4:      layout_cave_pools, nicolae_hepliaklqana_monster_ancestors,
          zin_academy, kennysheep_orc_chapel
D:5:      layout_basic, nicolae_ru_the_path_less_chosen,
          minmay_temple_entry_slanted
D:6:      layout_loops_ring, mainiacjoe_overflow_six_doors_small,
          nicolae_the_louvre, uniq_eustachio
D:7:      layout_gridville, mainiacjoe_overflow_brackets,
          mainiacjoe_overflow_small_starburst, enter_bailey_8, enter_ossuary_4
Temple:   nicolae_temple_ecumenical_triangle
Bailey:   bailey_axe_3, bailey

Skill      XL: |  1  2  3  4  5  6  7  8  9 |
---------------+----------------------------+-----
Spellcasting   | 5 6 7 9 10 12 | 12.0
Conjurations   | 2 3 4 5 6 |  6.6
Fighting       | 1 2 3 |  3.3
Armour         | 1 3 |  3.0
Stealth        | 3 |  3.0
Dodging        | 3 |  3.0
Air Magic      | 1 |  1.0
Poison Magic   | 1 |  1.0
Evocations     | 1 |  1.3
Summonings     | 3 4 5 |  5.7
Translocations | |  1.1

Action                     |  1- 3 |  4- 6 |  7- 9 || total
---------------------------+-------+-------+-------++-------
  Melee: Dagger            |    14 |     9 |   125 ||   148
         Mace              |       |    12 |       ||    12
         Quarterstaff      |       |    45 |       ||    45
         Punch             |       |       |     2 ||     2
   Cast: Magic Dart        |    81 |    95 |   148 ||   324
         Mephitic Cloud    |     6 |    14 |    23 ||    43
         Call Imp          |     4 |     3 |     4 ||    11
         Blink             |       |     1 |     2 ||     3
         Summon Ice Beast  |       |       |     2 ||     2
    Use: Potion            |       |       |     1 ||     1
   Stab: Confused          |     2 |     4 |    13 ||    19
         Sleeping          |       |     1 |       ||     1
 Armour: Robe              |    19 |    48 |    78 ||   145
  Dodge: Dodged            |    15 |    71 |    90 ||   176

Table legend: (Time is in decaauts)
 A = Elapsed time spent in this place.
 B = Non-inter-level travel time spent in this place.
 C = Inter-level travel time spent in this place.
 D = Time resting spent in this place.
 E = Time spent auto-exploring this place.
 F = Levels seen in this place.
 G = Mean time per level.
                   A        B        C        D        E       F      G
               +--------+--------+--------+--------+--------+-----+--------+
         Total |   7146 |   6932 |    214 |    127 |   5338 |   9 |  794.0 |
       Dungeon |   6814 |   6600 |    214 |    123 |   5170 |   7 |  973.4 |
        Temple |      1 |      1 |      0 |      0 |      0 |   1 |    1.0 |
        Bailey |    330 |    330 |      0 |      4 |    168 |   1 |  330.0 |
               +--------+--------+--------+--------+--------+-----+--------+

Top non-repeatable levels by time:
     D:2: 1408 daAuts
     D:5: 1319 daAuts
     D:3: 1112 daAuts
     D:1: 1101 daAuts
     D:6: 992 daAuts
     D:4: 696 daAuts
  Bailey: 330 daAuts
     D:7: 183 daAuts
  Temple: 1 daAuts
